Unix NetHack Version 3.7.0-53 Work-in-progress - last build Apr 18 2022 03:42:42 (02b85442fffe0e2954e411e09df771b56fe27bbc,branch:master). Game began 2022-05-05 17:54:51, ended 2022-05-07 13:36:09. spontiff, neutral male gnomish Healer -------- -------------------------------- .......| |..............(.....@.[......)| |......| | -- ----------...rr-----.| |......| |...r@|.((|.| -...<..| |...rrr@.(|.| --.----- ----..|.(.|.| ## |.-----|.| # |.-..)[|.| #### |.|.._.|.| # -.|)...|.|# # ..| [.)|.-# # --.-----|.|# ## |. |?$.-.|=########### |. |[..|.|# | | | -- ----- ---------. -----.| |.... |..............................| |...... -------------------------------- -------- Spontiff the Rhizotomist St:9 Dx:12 Co:14 In:11 Wi:14 Ch:17 Neutral S:1176 Dlvl:7 $:2269 HP:0(22) Pw:6(6) AC:2 Xp:1/0 T:3864 Latest messages: You have a little trouble lifting C - a dwarvish mithril-coat. Your movements are slowed slightly because of your load. What do you want to drop? [$a-df-iklnoqstvx-zACE-GJOQSUVX or ?*] C You drop a dwarvish mithril-coat. Your movements are now unencumbered. There are several objects here. The large dog bites the watch captain. The large dog misses the watch captain. The priest of Athena intones: "Pilgrim, you enter a sacred place!" You have a forbidding feeling... The wererat bites! The wererat bites! You swap places with your large dog. What do you want to use or apply? [iklstxJOSX or ?*] s In what direction? l Status of the large dog (neutral): Level 9 HP 72(72) AC 4, tame. The large dog misses it. The large dog misses it. The large dog misses it. There are several objects here. You hear some noises in the distance. You hear some noises. The wererat bites! The wererat summons help! A sewer rat suddenly appears next to you! A rabid rat suddenly appears next to you! A sewer rat suddenly appears next to you! A sewer rat suddenly appears next to you! A giant rat suddenly appears next to you! The wererat bites! You feel feverish. #ohffs: unknown extended command. What do you want to eat? [nyz or ?*] ? Never mind. What do you want to adjust? [a-df-iklnoqstvx-zAE-GJOQSUVX or ?*] i Adjust letter to what [eijmpruwB-DHIK-NPRTWYZ] (? see used letters)? t Swapping: t - a towel. What do you want to write with? [- bltAEFJOS or ?*] - You write in the dust with your fingertip. What do you want to write in the dust here? Elbereth The giant rat bites! The sewer rat bites! The sewer rat misses! The rabid rat bites! The sewer rat bites! The wererat bites! You die... Do you want your possessions identified? [ynq] (y) y Do you want to see the dungeon overview? [ynq] (y) y Major events: Turn 1: spontiff the neutral male gnomish Healer entered the dungeon 1493: entered the Gnomish Mines 3772: reached Mine Town 3864: killed by a wererat Inventory: Coins $ - 2269 gold pieces Armor h - an uncursed +1 orcish helm (being worn) g - an uncursed +1 pair of leather gloves (being worn) v - an uncursed +0 pair of iron shoes (being worn) q - an uncursed +0 dwarvish cloak (being worn) Q - an uncursed +0 dwarvish cloak d - an uncursed +0 leather armor (being worn) Comestibles y - an uncursed apple n - 4 uncursed food rations z - an uncursed lembas wafer Scrolls f - 2 uncursed scrolls of identify o - an uncursed scroll of remove curse Potions V - an uncursed potion of acid named SMOKY U - an uncursed potion of booze c - an uncursed potion of extra healing G - an uncursed potion of fruit juice a - 3 uncursed potions of water named UNC Wands J - an uncursed wand of magic missile (0:6) O - an uncursed wand of secret door detection (0:15) S - an uncursed wand of sleep (0:4) Tools i - an uncursed blindfold x - an uncursed oil lamp X - an uncursed oil lamp k - an uncursed skeleton key s - an uncursed stethoscope t - an uncursed towel Gems/Stones b - an uncursed ruby E - an uncursed sapphire F - 3 uncursed worthless pieces of blue glass A - an uncursed worthless piece of yellow glass l - an uncursed flint stone Spontiff the Healer's attributes: Background: You were a Rhizotomist, a level 1 male gnomish Healer. You were neutral, on a mission for Hermes who was opposed by Athena (lawful) and Poseidon (chaotic). You were in the Gnomish Mines, on level 7. You entered the dungeon 3864 turns ago. You had 0 experience points, 20 were needed to attain level 2. Your score was 1176 before end-of-game adjustments. Basics: You had 0 out of 22 hit points. You had all 6 energy points (spell power). Your armor class was 2. Your wallet contained 2269 zorkmids. Autopickup was on for '$!/="?' plus thrown, with exceptions. Final Characteristics: Your strength was 9 (limit:18/50). Your dexterity was 12 (limit:18). Your constitution was 14 (limit:18). Your intelligence was 11 (limit:19). Your wisdom was 14 (limit:18). Your charisma was 17 (limit:18). Final Status: You were not hungry. You were unencumbered. You were empty handed. You were unskilled in bare handed combat. Final Attributes: You were devoutly aligned. You were poison resistant. You were level-drain resistant. You had infravision. You were warded. You were a wererat. You were harmed by silver. You are dead. Miscellaneous: You encountered 1 bones level. Total elapsed playing time was 2 hours and 58 seconds. Vanquished creatures: a ghost a small mimic 5 dwarves 2 giant bats a dwarf zombie a wererat an iguana 2 acid blobs a coyote a gas spore 3 hobbits a large kobold a hobgoblin 2 giant rats a brown mold a yellow mold a red mold 6 gnomes a garter snake 6 geckos 3 jackals 2 kobolds 5 goblins 4 sewer rats 15 grid bugs a bat 11 lichens a kobold zombie 8 newts 89 creatures vanquished. No species were genocided or became extinct. Voluntary challenges: You never hit with a wielded weapon. You were a pacifist. You read items or engraved 3 times. You never engraved Elbereth. You never genocided any monsters. You never polymorphed an object. You never changed form. You used no wishes. Achievements: You entered a shop. You entered the Gnomish Mines. You entered Minetown. You entered a temple. The Dungeons of Doom: levels 1 to 3 Level 1: A sink, a grave. Level 2: "Stashlet" A general store, a fountain, some sinks. Level 3: A general store, a fountain. Stairs down to The Gnomish Mines. The Gnomish Mines: levels 4 to 7 Level 4: Level 5: Level 6: Level 7: <- You were here. A delicatessen, a temple. Final resting place for you, killed by a wererat, elenmirie-Hea-Gno-Fem-Neu, killed by a wererat, Ear1yT-Sam-Hum-Mal-Law, killed by a kitten. Game over: ---------- / \ / REST \ / IN \ / PEACE \ / \ | spontiff | | 2269 Au | | killed by a | | wererat | | | | | | 2022 | *| * * * | * _________)/\\_//(\/(/\)/\//\/|_)_______ Goodbye spontiff the Healer... You died in The Gnomish Mines on dungeon level 7 with 1089 points, and 2269 pieces of gold, after 3864 moves. You were level 1 with a maximum of 22 hit points when you died.